[Event "Ruzomberok GM 2019"]
[Site "Ruzomberok"]
[Date "2019.07.04"]
[Round "6.1"]
[White "Jurcik, Marian"]
[Black "Mazur, Stefan"]
[Result "1-0"]
[ECO "E62"]
[WhiteElo "2501"]
[BlackElo "2426"]
[Annotator "RC"]
[PlyCount "79"]
[EventDate "2019.06.29"]
[EventType "tourn"]
[EventCountry "SVK"]
[SourceTitle "playchess.com"]
[Source "ChessBase"]
[SourceQuality "1"]
[TimeControl "40/5400+30:1800+30"]

1. d4 Nf6 2. c4 g6 3. Nc3 Bg7 4. g3 O-O 5. Bg2 d6 6. Nf3 Nc6 7. O-O e5 8. d5 Nb8 9. e4 a5 10. Ne1 Na6 11. Nd3 Nd7 12. Be3 f5 13. exf5 gxf5 14. f4 e4 15. Nf2 Bxc3 16. bxc3 Nf6 17. Bd4 Nc5 18. Kh1 Qe7 19. Qe2 b6 20. Rg1 Bd7 21. Rae1 Rae8 22. Bh3 h5 23. Bxf6 Qxf6 24. Qxh5 Re7 25. g4 Rh7 26. gxf5+ Kh8 27. Qe2 Bxf5 28. Bxf5 Qxf5 29. Rg4 Qh5 30. Nd1 Nd3 31. Reg1 Rg7 32. Ne3 Nxf4 33. Qf2 Ng6 34. Qg2 Nh4 35. Qh3 Rh7 36. Qg3 Ng6 37. Rxg6 Qf3+ 38. Rg2 Qf7 39. Nf5 Rh5 40. Rg5 1-0

[Event "Ruzomberok GM 2019"]
[Site "Ruzomberok"]
[Date "2019.07.04"]
[Round "6.2"]
[White "Repka, Christopher"]
[Black "Pacher, Milan"]
[Result "0-1"]
[ECO "E47"]
[WhiteElo "2482"]
[BlackElo "2434"]
[Annotator "ChessBase"]
[PlyCount "66"]
[EventDate "2019.06.29"]
[EventType "tourn"]
[EventCountry "SVK"]
[SourceTitle "playchess.com"]
[Source "ChessBase"]
[SourceQuality "1"]
[TimeControl "40/5400+30:1800+30"]

1. d4 Nf6 2. c4 e6 3. Nc3 Bb4 4. e3 O-O 5. Bd3 c5 6. Nf3 d5 7. O-O cxd4 8. exd4 dxc4 9. Bxc4 b6 10. Bg5 Bb7 11. Rc1 Nbd7 12. a3 Bxc3 13. Rxc3 Qb8 14. Re1 Ne4 15. Rce3 Nxg5 16. Nxg5 Qf4 17. Rg3 Rac8 18. Rg4 Qf6 19. Bd3 g6 20. h4 Rfe8 21. Qd2 e5 22. Be4 Bxe4 23. Rgxe4 Red8 24. Qb4 a5 25. Qb5 exd4 26. g3 d3 27. Rd1 Nc5 28. Rf4 Qc6 29. Qxc6 Rxc6 30. Nxf7 Rd5 31. g4 d2 32. g5 Ne6 33. Nh6+ Kh8 0-1

[Event "Ruzomberok GM 2019"]
[Site "Ruzomberok"]
[Date "2019.07.04"]
[Round "6.3"]
[White "Druska, Juraj"]
[Black "Petenyi, Tamas"]
[Result "1-0"]
[ECO "B32"]
[WhiteElo "2460"]
[BlackElo "2412"]
[Annotator "ChessBase"]
[PlyCount "97"]
[EventDate "2019.06.29"]
[EventType "tourn"]
[EventCountry "SVK"]
[SourceTitle "playchess.com"]
[Source "ChessBase"]
[SourceQuality "1"]
[TimeControl "40/5400+30:1800+30"]

1. e4 c5 2. Nf3 Nc6 3. d4 cxd4 4. Nxd4 Qb6 5. Nb3 Nf6 6. Nc3 e6 7. Qe2 Bb4 8. Bd2 O-O 9. a3 Be7 10. O-O-O d5 11. Be3 Qc7 12. exd5 Nxd5 13. Nxd5 exd5 14. Kb1 Bf6 15. Qd2 Bf5 16. Bd3 Bxd3 17. Qxd3 Rfd8 18. f4 Rac8 19. g4 g6 20. h4 d4 21. Bc1 Ne7 22. h5 Nd5 23. hxg6 hxg6 24. f5 g5 25. Rh6 Bg7 26. Rh5 Ne3 27. Rdh1 Bf6 28. Rh6 Qe5 29. Nd2 Nxg4 30. Nf3 Qd5 31. Nxg5 Nxh6 32. Rxh6 Rc6 33. Ne6 fxe6 34. Rxf6 Kg7 35. Rg6+ Kf7 36. Qh3 Rf8 37. Qh7+ Ke8 38. f6 Qc5 39. Rg8 d3 40. f7+ Kd7 41. Qxd3+ Rd6 42. Qf3 Rc6 43. Rxf8 Qxc2+ 44. Ka2 Qc4+ 45. Qb3 Qxb3+ 46. Kxb3 Ke7 47. Rb8 Rb6+ 48. Ka2 Kxf7 49. Be3 1-0

[Event "Ruzomberok GM 2019"]
[Site "Ruzomberok"]
[Date "2019.07.04"]
[Round "6.4"]
[White "Nayhebaver, Martin"]
[Black "Hrabusa, Matej"]
[Result "0-1"]
[ECO "B76"]
[WhiteElo "2473"]
[BlackElo "2397"]
[Annotator "ChessBase"]
[PlyCount "50"]
[EventDate "2019.06.29"]
[EventType "tourn"]
[EventCountry "SVK"]
[SourceTitle "playchess.com"]
[Source "ChessBase"]
[SourceQuality "1"]
[TimeControl "40/5400+30:1800+30"]

1. e4 c5 2. Nf3 d6 3. d4 cxd4 4. Nxd4 Nf6 5. Nc3 g6 6. f3 Bg7 7. Be3 O-O 8. Qd2 Nc6 9. O-O-O d5 10. Nxc6 bxc6 11. Bh6 Bxh6 12. Qxh6 Rb8 13. h4 Qa5 14. a3 dxe4 15. Qg5 Bf5 16. Nxe4 Rxb2 17. Kxb2 Rb8+ 18. Kc1 Qxa3+ 19. Kd2 Bxe4 20. Be2 Bxc2 21. Ra1 Qb4+ 22. Ke3 Qb6+ 23. Kd2 Qd4+ 24. Kxc2 Rb2+ 25. Kc1 Qc3+ 0-1

[Event "Ruzomberok GM 2019"]
[Site "Ruzomberok"]
[Date "2019.07.04"]
[Round "6.5"]
[White "Pechac, Jergus"]
[Black "Manik, Mikulas"]
[Result "1-0"]
[ECO "A80"]
[WhiteElo "2473"]
[BlackElo "2399"]
[Annotator "ChessBase"]
[PlyCount "61"]
[EventDate "2019.06.29"]
[EventType "tourn"]
[EventCountry "SVK"]
[SourceTitle "playchess.com"]
[Source "ChessBase"]
[SourceQuality "1"]
[TimeControl "40/5400+30:1800+30"]

1. d4 f5 2. Nc3 Nf6 3. Bg5 d5 4. Bxf6 exf6 5. e3 c6 6. Bd3 Bd6 7. Qf3 g6 8. Nge2 Na6 9. a3 Nc7 10. h3 h5 11. O-O-O Ne6 12. g4 Ng5 13. Qg2 fxg4 14. hxg4 Bxg4 15. Qxg4 hxg4 16. Rxh8+ Bf8 17. Nf4 Qa5 18. Bxg6+ Kd7 19. Bf5+ Kc7 20. Rg8 Rb8 21. Rh1 b5 22. Ne6+ Nxe6 23. Bxe6 b4 24. Rh7+ Kb6 25. axb4 Qxb4 26. Bxd5 Bd6 27. Rg6 Qa5 28. Rxf6 Qa1+ 29. Kd2 Rd8 30. Be4 Rf8 31. Nd5+ 1-0

[Event "Ruzomberok GM 2019"]
[Site "Ruzomberok"]
[Date "2019.07.05"]
[Round "7.1"]
[White "Manik, Mikulas"]
[Black "Jurcik, Marian"]
[Result "1/2-1/2"]
[ECO "C11"]
[WhiteElo "2399"]
[BlackElo "2501"]
[Annotator "ChessBase"]
[PlyCount "64"]
[EventDate "2019.06.29"]
[EventType "tourn"]
[EventCountry "SVK"]
[SourceTitle "playchess.com"]
[Source "ChessBase"]
[SourceQuality "1"]
[TimeControl "40/5400+30:1800+30"]

1. e4 e6 2. d4 d5 3. Nc3 Nf6 4. Bg5 dxe4 5. Nxe4 Bd7 6. Nf3 Bc6 7. Bd3 Be7 8. Bxf6 Bxf6 9. c3 Nd7 10. O-O Bxe4 11. Bxe4 c6 12. Re1 O-O 13. Qc2 g6 14. Rad1 Qc7 15. g3 Bg7 16. Kg2 Rad8 17. Qb3 e5 18. dxe5 Nxe5 19. Nxe5 Bxe5 20. Rxd8 Rxd8 21. Rd1 Rxd1 22. Qxd1 Kg7 23. Qb3 Qb6 24. Qxb6 axb6 25. f4 Bd6 26. Kf3 b5 27. a3 f5 28. Bd3 Kf6 29. h3 h6 30. h4 g5 31. hxg5+ hxg5 32. fxg5+ Ke5 {Ke4+} 1/2-1/2

[Event "Ruzomberok GM 2019"]
[Site "Ruzomberok"]
[Date "2019.07.05"]
[Round "7.2"]
[White "Hrabusa, Matej"]
[Black "Pechac, Jergus"]
[Result "0-1"]
[ECO "A13"]
[WhiteElo "2397"]
[BlackElo "2473"]
[Annotator "ChessBase"]
[PlyCount "50"]
[EventDate "2019.06.29"]
[EventType "tourn"]
[EventCountry "SVK"]
[SourceTitle "playchess.com"]
[Source "ChessBase"]
[SourceQuality "1"]
[TimeControl "40/5400+30:1800+30"]

1. Nf3 Nf6 2. g3 d5 3. c4 e6 4. Bg2 dxc4 5. O-O a6 6. a4 Nc6 7. Na3 Na5 8. Qc2 Qd5 9. Rd1 Bd7 10. d3 Nb3 11. Rb1 Nxc1 12. Rbxc1 Bxa3 13. bxa3 Qa5 14. Qxc4 Bxa4 15. Nd4 Bxd1 16. Bxb7 Qe1+ 17. Kg2 O-O 18. Bxa8 Ng4 19. Bf3 Qxf2+ 20. Kh3 h5 21. Bxg4 hxg4+ 22. Kxg4 Rd8 23. Nxe6 Bxe2+ 24. Kh3 Qf5+ 25. Kg2 fxe6 0-1

[Event "Ruzomberok GM 2019"]
[Site "Ruzomberok"]
[Date "2019.07.05"]
[Round "7.3"]
[White "Petenyi, Tamas"]
[Black "Nayhebaver, Martin"]
[Result "1-0"]
[ECO "A00"]
[WhiteElo "2412"]
[BlackElo "2473"]
[Annotator "ChessBase"]
[PlyCount "89"]
[EventDate "2019.06.29"]
[EventType "tourn"]
[EventCountry "SVK"]
[SourceTitle "playchess.com"]
[Source "ChessBase"]
[SourceQuality "1"]
[TimeControl "40/5400+30:1800+30"]

1. g3 Nf6 2. Bg2 e6 3. Nf3 Be7 4. O-O O-O 5. b3 b6 6. Bb2 Bb7 7. c4 d5 8. cxd5 exd5 9. d4 Nbd7 10. Nbd2 Re8 11. Ne5 Nf8 12. Rc1 c5 13. dxc5 bxc5 14. Nd3 Ne6 15. Bxf6 Bxf6 16. Nxc5 Nxc5 17. Rxc5 Qe7 18. Rc2 Ba6 19. Bf3 Rad8 20. Re1 Qb4 21. Qc1 Qa5 22. Rc5 Qxa2 23. Rxd5 Rxd5 24. Bxd5 Rd8 25. e4 Rc8 26. Nc4 Qxb3 27. e5 Be7 28. Qf4 Rf8 29. Ne3 Qc3 30. Rb1 g6 31. h4 Bc8 32. Rb8 Qc7 33. Ra8 Bc5 34. h5 Qe7 35. hxg6 hxg6 36. Rxc8 Rxc8 37. Qg4 Rc7 38. Qxg6+ Kf8 39. Qh5 Ke8 40. Ng4 Kd8 41. Nf6 Kc8 42. Bf3 Qd8 43. Qf5+ Kb8 44. Qe4 Bxf2+ 45. Kg2 1-0

[Event "Ruzomberok GM 2019"]
[Site "Ruzomberok"]
[Date "2019.07.05"]
[Round "7.4"]
[White "Pacher, Milan"]
[Black "Druska, Juraj"]
[Result "1/2-1/2"]
[ECO "D35"]
[WhiteElo "2434"]
[BlackElo "2460"]
[Annotator "ChessBase"]
[PlyCount "66"]
[EventDate "2019.06.29"]
[EventType "tourn"]
[EventCountry "SVK"]
[SourceTitle "playchess.com"]
[Source "ChessBase"]
[SourceQuality "1"]
[TimeControl "40/5400+30:1800+30"]

1. d4 d5 2. c4 e6 3. Nc3 Nf6 4. cxd5 exd5 5. Bg5 c6 6. e3 Bd6 7. Bd3 O-O 8. Nf3 Re8 9. Qc2 h6 10. Bh4 Nbd7 11. O-O-O b5 12. Kb1 a5 13. e4 Be7 14. e5 Nh5 15. Bxe7 Rxe7 16. Ne2 c5 17. g4 c4 18. Bh7+ Kh8 19. gxh5 b4 20. Bf5 a4 21. Nh4 Re8 22. e6 b3 23. Qd2 Nf8 24. exf7 Qxh4 25. fxe8=Q Bxf5+ 26. Ka1 Rxe8 27. Qf4 Qxf4 28. Nxf4 c3 29. bxc3 Re4 30. Nd3 Re2 31. axb3 axb3 32. Nb2 Re8 33. Nd3 Re2 1/2-1/2

[Event "Ruzomberok GM 2019"]
[Site "Ruzomberok"]
[Date "2019.07.05"]
[Round "7.5"]
[White "Mazur, Stefan"]
[Black "Repka, Christopher"]
[Result "0-1"]
[ECO "B50"]
[WhiteElo "2426"]
[BlackElo "2482"]
[Annotator "ChessBase"]
[PlyCount "152"]
[EventDate "2019.06.29"]
[EventType "tourn"]
[EventCountry "SVK"]
[SourceTitle "playchess.com"]
[Source "ChessBase"]
[SourceQuality "1"]
[TimeControl "40/5400+30:1800+30"]

1. e4 c5 2. Nf3 d6 3. Bc4 Nf6 4. d3 e6 5. O-O Be7 6. Bb3 O-O 7. Re1 Nc6 8. c3 b5 9. d4 Bb7 10. Nbd2 cxd4 11. cxd4 Nb4 12. Qe2 Qb6 13. a3 Nc6 14. e5 dxe5 15. dxe5 Ng4 16. Nf1 Bc5 17. Be3 Bxe3 18. Nxe3 Ngxe5 19. Nxe5 Nxe5 20. Nd5 Bxd5 21. Bxd5 Rad8 22. Qxe5 Rxd5 23. Qe3 Qxe3 24. Rxe3 Rc8 25. h4 a5 26. g3 Rc2 27. Rc3 Rxc3 28. bxc3 Kf8 29. a4 Ke7 30. Kf1 Kd6 31. axb5 Rxb5 32. Ke2 Kc6 33. Ra2 Re5+ 34. Kd3 Rd5+ 35. Kc4 e5 36. Ra1 f5 37. Ra2 g6 38. Ra1 Rb5 39. Ra2 Rc5+ 40. Kd3 Rd5+ 41. Kc4 e4 42. Ra1 Rb5 43. Kd4 Kb6 44. Ra2 Rb1 45. c4 Rb3 46. Ke5 e3 47. fxe3 Rxe3+ 48. Kd4 Rxg3 49. Re2 Rg4+ 50. Kd5 Re4 51. Rb2+ Kc7 52. Rb5 Rxh4 53. Rxa5 Rh1 54. Kc5 Rb1 55. Ra6 Kd7 56. Kd5 Rd1+ 57. Ke5 Re1+ 58. Kd5 f4 59. Ra7+ Ke8 60. Ra3 g5 61. c5 g4 62. Ra8+ Kf7 63. Ra4 h5 64. Rxf4+ Ke7 65. Rf5 g3 66. Rg5 h4 67. c6 h3 68. Rg7+ Kd8 69. c7+ Kc8 70. Kd6 Rd1+ 71. Kc6 Rc1+ 72. Kd6 g2 73. Rg8+ Kb7 74. Rb8+ Ka7 75. Rg8 h2 76. Rg7 Kb7 0-1

[Event "Ruzomberok GM 2019"]
[Site "Ruzomberok"]
[Date "2019.07.06"]
[Round "8.1"]
[White "Jurcik, Marian"]
[Black "Repka, Christopher"]
[Result "1-0"]
[ECO "C55"]
[WhiteElo "2501"]
[BlackElo "2488"]
[Annotator "ChessBase"]
[PlyCount "66"]
[EventDate "2019.06.29"]
[EventType "tourn"]
[EventCountry "SVK"]
[SourceTitle "playchess.com"]
[Source "ChessBase"]
[SourceQuality "1"]
[TimeControl "40/5400+30:1800+30"]

1. e4 e5 2. Bc4 Nf6 3. d3 Nc6 4. Nf3 h6 5. c3 d6 6. Nbd2 g5 7. Nf1 g4 8. N3d2 h5 9. Ne3 Bh6 10. Ndf1 Be6 11. Qb3 Qc8 12. Ng3 Ne7 13. d4 h4 14. Bxe6 fxe6 15. dxe5 dxe5 16. Ne2 Qd7 17. Qxb7 O-O 18. O-O Qd3 19. Qxc7 Qxe2 20. Qxe7 Rae8 21. Qb4 g3 22. Qc4 gxh2+ 23. Kh1 Qh5 24. f3 Rf7 25. Ng4 Nxg4 26. fxg4 Rxf1+ 27. Qxf1 Qg6 28. Bxh6 Qxh6 29. Qe2 Rd8 30. Rf1 h3 31. g3 Qd2 32. Qf2 Qg5 33. Qf7+ Kh8 1-0

[Event "Ruzomberok GM 2019"]
[Site "Ruzomberok"]
[Date "2019.07.06"]
[Round "8.2"]
[White "Druska, Juraj"]
[Black "Mazur, Stefan"]
[Result "0-1"]
[ECO "C47"]
[WhiteElo "2460"]
[BlackElo "2426"]
[Annotator "ChessBase"]
[PlyCount "100"]
[EventDate "2019.06.29"]
[EventType "tourn"]
[EventCountry "SVK"]
[SourceTitle "playchess.com"]
[Source "ChessBase"]
[SourceQuality "1"]
[TimeControl "40/5400+30:1800+30"]

1. e4 e5 2. Nf3 Nc6 3. Nc3 Nf6 4. d4 exd4 5. Nxd4 Bb4 6. Nxc6 bxc6 7. Bd3 d5 8. exd5 O-O 9. O-O cxd5 10. Bg5 c6 11. Qf3 Be7 12. h3 h6 13. Bf4 Bd6 14. Rfe1 Rb8 15. b3 Be6 16. Rad1 Bxf4 17. Qxf4 Qa5 18. Na4 Rfd8 19. Qe3 Nd7 20. f4 Nf6 21. Qc5 Qc7 22. f5 Bd7 23. Re7 Re8 24. Rde1 Rxe7 25. Rxe7 Re8 26. Rxe8+ Bxe8 27. Qe3 Bd7 28. Nc5 Bc8 29. b4 Kf8 30. c3 h5 31. Nb3 Qe7 32. Kf2 Qxe3+ 33. Kxe3 Ke7 34. Kf4 Kd6 35. a3 Bd7 36. Nd4 Be8 37. Nb3 Nd7 38. c4 c5 39. cxd5 cxb4 40. axb4 Nb6 41. f6 Nxd5+ 42. Kg5 Nxf6 43. Nd4 Ke5 44. Nb5 Nd5 45. Bc4 f6+ 46. Kh4 Kf4 47. g3+ Ke5 48. g4 Kf4 49. gxh5 Ne3 50. Nd6 Ng2# 0-1

[Event "Ruzomberok GM 2019"]
[Site "Ruzomberok"]
[Date "2019.07.06"]
[Round "8.3"]
[White "Nayhebaver, Martin"]
[Black "Pacher, Milan"]
[Result "1/2-1/2"]
[ECO "B48"]
[WhiteElo "2473"]
[BlackElo "2416"]
[Annotator "ChessBase"]
[PlyCount "105"]
[EventDate "2019.06.29"]
[EventType "tourn"]
[EventCountry "SVK"]
[SourceTitle "playchess.com"]
[Source "ChessBase"]
[SourceQuality "1"]
[TimeControl "40/5400+30:1800+30"]

1. e4 c5 2. Nc3 e6 3. Nf3 Nc6 4. d4 cxd4 5. Nxd4 Qc7 6. Be3 a6 7. a3 Nf6 8. f4 d5 9. e5 Nd7 10. Qg4 Nb6 11. Bd3 g6 12. Qf3 Nxd4 13. Bxd4 Bd7 14. O-O Bc5 15. Ne2 Nc4 16. Qf2 Bxd4 17. Qxd4 Qb6 18. b3 Qxd4+ 19. Nxd4 Na5 20. Kf2 h5 21. Ke3 Ke7 22. g3 Nc6 23. Nf3 Na7 24. c4 dxc4 25. Bxc4 Bb5 26. Rac1 Rac8 27. Nd2 Rhd8 28. Ne4 Bxc4 29. bxc4 Rc7 30. c5 Rd5 31. Rfd1 Nc6 32. Rxd5 exd5 33. Nf6 Ke6 34. Rb1 Na5 35. Kd4 Nc6+ 36. Kd3 Na5 37. Kd4 Nc6+ 38. Kc3 Nd8 39. Rb6+ Kf5 40. Nxd5 Rxc5+ 41. Kd4 Ne6+ 42. Rxe6 Rxd5+ 43. Kxd5 fxe6+ 44. Kc5 h4 45. Kd6 b5 46. g4+ Kxg4 47. Kxe6 a5 48. Kd5 b4 49. axb4 axb4 50. Kc4 Kf5 51. Kxb4 g5 52. fxg5 Kxe5 53. Kc4 1/2-1/2

[Event "Ruzomberok GM 2019"]
[Site "Ruzomberok"]
[Date "2019.07.06"]
[Round "8.4"]
[White "Pechac, Jergus"]
[Black "Petenyi, Tamas"]
[Result "0-1"]
[ECO "A45"]
[WhiteElo "2473"]
[BlackElo "2412"]
[Annotator "ChessBase"]
[PlyCount "82"]
[EventDate "2019.06.29"]
[EventType "tourn"]
[EventCountry "SVK"]
[SourceTitle "playchess.com"]
[Source "ChessBase"]
[SourceQuality "1"]
[TimeControl "40/5400+30:1800+30"]

1. d4 Nf6 2. Bg5 Ne4 3. Bf4 d6 4. Nd2 Nf6 5. Ngf3 g6 6. e3 Bg7 7. h3 O-O 8. Be2 Nbd7 9. O-O b6 10. a4 a5 11. c3 Bb7 12. Nc4 Ne4 13. Bh2 e6 14. Na3 Qe7 15. Nb5 Rac8 16. Rc1 f5 17. Re1 g5 18. Nd2 Nxd2 19. Qxd2 Nf6 20. Qd1 g4 21. hxg4 fxg4 22. Bxg4 Nxg4 23. Qxg4 Rf6 24. e4 Rcf8 25. Bg3 Rg6 26. Qh4 Qf7 27. Re3 Bf6 28. Qh5 Bg5 29. Rf3 Bxc1 30. Rxf7 Rxf7 31. b4 Bxe4 32. Qh4 Bd5 33. Qd8+ Rf8 34. Qxc7 Be3 35. c4 Rxg3 36. cxd5 Rxf2 37. Qxd6 Rgxg2+ 38. Kh1 Rg6 39. Qxb6 Rf1+ 40. Kh2 Bf4+ 41. Kh3 Rh1# 0-1

[Event "Ruzomberok GM 2019"]
[Site "Ruzomberok"]
[Date "2019.07.06"]
[Round "8.5"]
[White "Manik, Mikulas"]
[Black "Hrabusa, Matej"]
[Result "1-0"]
[ECO "B78"]
[WhiteElo "2377"]
[BlackElo "2397"]
[Annotator "NA"]
[PlyCount "59"]
[EventDate "2019.06.29"]
[EventType "tourn"]
[EventCountry "SVK"]
[SourceTitle "playchess.com"]
[Source "ChessBase"]
[SourceQuality "1"]
[TimeControl "40/5400+30:1800+30"]

1. e4 c5 2. Nf3 d6 3. d4 cxd4 4. Nxd4 Nf6 5. Nc3 g6 6. Be3 Bg7 7. f3 O-O 8. Qd2 Nc6 9. Bc4 Bd7 10. O-O-O Rc8 11. Be2 Ne5 12. Kb1 Nc4 13. Bxc4 Rxc4 14. g4 b5 15. b3 b4 16. Nd5 Nxd5 17. exd5 Rc3 18. Bh6 Bxh6 19. Qxh6 e5 20. dxe6 fxe6 21. Ne2 Rc6 22. Qd2 a5 23. f4 Qf6 24. f5 exf5 25. gxf5 gxf5 26. Rhg1+ Kh8 27. Nf4 Be8 28. Nd5 Qh4 29. Qg2 Qh6 30. Ne7 1-0

[Event "Ruzomberok GM 2019"]
[Site "Ruzomberok"]
[Date "2019.07.07"]
[Round "9.1"]
[White "Hrabusa, Matej"]
[Black "Jurcik, Marian"]
[Result "1/2-1/2"]
[ECO "D00"]
[WhiteElo "2397"]
[BlackElo "2501"]
[Annotator "ChessBase"]
[PlyCount "40"]
[EventDate "2019.06.29"]
[EventType "tourn"]
[EventCountry "SVK"]
[SourceTitle "playchess.com"]
[Source "ChessBase"]
[SourceQuality "1"]
[TimeControl "40/5400+30:1800+30"]

1. d4 d5 2. Bf4 c5 3. e3 Nc6 4. c3 Nf6 5. Nd2 e6 6. Ngf3 cxd4 7. exd4 Nh5 8. Be3 Bd6 9. Ne5 Nf6 10. Bf4 Qc7 11. Bb5 O-O 12. Qe2 Bd7 13. Bd3 Ne8 14. O-O g6 15. Ndf3 Ng7 16. Bh6 Rfe8 17. Ng4 Nh5 18. Nge5 Ng7 19. Ng4 Nh5 20. Nge5 Ng7 1/2-1/2

[Event "Ruzomberok GM 2019"]
[Site "Ruzomberok"]
[Date "2019.07.07"]
[Round "9.2"]
[White "Petenyi, Tamas"]
[Black "Manik, Mikulas"]
[Result "1-0"]
[ECO "A04"]
[WhiteElo "2412"]
[BlackElo "2377"]
[Annotator "NA"]
[PlyCount "64"]
[EventDate "2019.06.29"]
[EventType "tourn"]
[EventCountry "SVK"]
[SourceTitle "playchess.com"]
[Source "ChessBase"]
[SourceQuality "1"]
[TimeControl "40/5400+30:1800+30"]

1. Nf3 d6 2. g3 g6 3. Bg2 Bg7 4. O-O f5 5. c4 Nf6 6. Nc3 O-O 7. d3 e5 8. Qb3 Nc6 9. c5+ Kh8 10. Qa3 d5 11. Bg5 e4 12. dxe4 dxe4 13. Rad1 Qe8 14. Nd4 Nxd4 15. Rxd4 c6 16. Rfd1 Be6 17. Rd6 Qf7 18. Be3 h6 19. Bd4 Kh7 20. b3 a6 21. Qa5 Rae8 22. e3 g5 23. Ne2 Qh5 24. Qd2 Rf7 25. h3 Nd5 26. g4 fxg4 27. Ng3 Qh4 28. Bxe4+ Kg8 29. Bg6 Rf3 30. Bxe8 Bxd4 31. Qxd4 Nxe3 32. Qe5 Nd5 1-0

[Event "Ruzomberok GM 2019"]
[Site "Ruzomberok"]
[Date "2019.07.07"]
[Round "9.3"]
[White "Pacher, Milan"]
[Black "Pechac, Jergus"]
[Result "0-1"]
[ECO "B32"]
[WhiteElo "2416"]
[BlackElo "2473"]
[Annotator "ChessBase"]
[PlyCount "76"]
[EventDate "2019.06.29"]
[EventType "tourn"]
[EventCountry "SVK"]
[SourceTitle "playchess.com"]
[Source "ChessBase"]
[SourceQuality "1"]
[TimeControl "40/5400+30:1800+30"]

1. e4 c5 2. Nf3 Nc6 3. d4 cxd4 4. Nxd4 e5 5. Nb5 d6 6. c4 a6 7. N5c3 Nf6 8. Be2 Be6 9. Be3 Rc8 10. O-O g6 11. Qd2 Bg7 12. Rd1 O-O 13. Qxd6 Nd4 14. Qxd8 Rfxd8 15. Bd3 b5 16. cxb5 axb5 17. Nd2 b4 18. Nb5 Nc2 19. Bxc2 Rxc2 20. f3 Rxb2 21. a4 Ba2 22. a5 Ra8 23. a6 Rxa6 24. Nc4 Bxc4 25. Rd8+ Bf8 26. Rxa6 Kg7 27. Raa8 Rb1+ 28. Kf2 Be7 29. Rdb8 Rf1+ 30. Kg3 Nh5+ 31. Kh3 f5 32. exf5 gxf5 33. Nd4 exd4 34. Bxd4+ Kf7 35. g4 Rxf3+ 36. Kg2 fxg4 37. Be5 Rf5 38. Ra5 Bf1+ 0-1

[Event "Ruzomberok GM 2019"]
[Site "Ruzomberok"]
[Date "2019.07.07"]
[Round "9.4"]
[White "Mazur, Stefan"]
[Black "Nayhebaver, Martin"]
[Result "1/2-1/2"]
[ECO "B69"]
[WhiteElo "2426"]
[BlackElo "2473"]
[Annotator "ChessBase"]
[PlyCount "92"]
[EventDate "2019.06.29"]
[EventType "tourn"]
[EventCountry "SVK"]
[SourceTitle "playchess.com"]
[Source "ChessBase"]
[SourceQuality "1"]
[TimeControl "40/5400+30:1800+30"]

1. e4 c5 2. Nf3 Nc6 3. d4 cxd4 4. Nxd4 Nf6 5. Nc3 d6 6. Bg5 e6 7. Qd2 Be7 8. O-O-O a6 9. f4 Bd7 10. Nf3 b5 11. Bxf6 gxf6 12. f5 Qb6 13. Kb1 O-O-O 14. g3 Kb8 15. fxe6 fxe6 16. Bh3 Na5 17. Nd4 b4 18. Nce2 e5 19. Nf5 Bxf5 20. Bxf5 d5 21. exd5 Nc4 22. Qd3 Ne3 23. Qe4 Nxd1 24. Rxd1 h5 25. c4 h4 26. g4 h3 27. Ng3 b3 28. axb3 Qxb3 29. Qc2 Qb4 30. Ne4 Bc5 31. Qc3 Qb6 32. Nxc5 Qxc5 33. b4 Qf2 34. c5 Qxh2 35. Qc4 Qf4 36. Qxa6 Qxb4+ 37. Ka2 h2 38. Rb1 Qxb1+ 39. Bxb1 Rd7 40. Qb6+ Rb7 41. Qd6+ Ka7 42. Be4 h1=Q 43. Bxh1 Rh2+ 44. Ka3 Rxh1 45. Ka2 Rh2+ 46. Ka3 Rh1 1/2-1/2